Map: Dusk Towers

Players

lesha

  • Race: Terran Terran
  • League: Silver

SOUL - Winner!

  • Race: Terran Terran
  • League: Silver

VOD

Have the link to the VOD?

Description

Time

  • Played on: Jan. 2, 2016, 11:52 a.m.
  • Length: 13:56
Show
View Real Time Build Order
Export as new Build Order

lesha Terran 

Build Orders: Reaper Expand, MMM Bio 

Get SALT Encoding   

  12  0:01  SCV  
  13  0:13  SCV  
  14  0:18  Supply Depot  
  14  0:25  SCV  
  15  0:40  SCV  
  15  0:41  Barracks  
  16  0:46  Refinery  
  16  0:52  SCV  
  17  1:04  SCV  
  18  1:16  SCV  
  19  1:28  Orbital Command  
  19  1:30  Reaper  
  20  1:40  Command Center  
  20  1:55  SCV  
  20  1:57  Barracks  
  21  2:03  Refinery  
  21  2:12  Barracks Reactor  
  21  2:14  SCV  
  22  2:26  SCV  
  23  2:52  Marine  
  23  2:56  Marine x2  
  26  3:19  SCV  
  27  3:20  Orbital Command  
  26  3:30  Factory, Barracks  
  26  3:32  Barracks  
  26  3:36  SCV  
  26  3:38  Supply Depot  
  26  3:40  Engineering Bay  
  27  3:42  Barracks Reactor  
  27  3:47  Marine x2  
  29  3:48  SCV  
  29  3:52  SCV  
  31  4:00  SCV  
  32  4:04  SCV  
  32  4:09  Marine x2  
  35  4:13  SCV  
  35  4:16  Terran Infantry Weapons Level 1  
  35  4:17  SCV  
  37  4:19  Barracks Tech Lab  
  37  4:20  Barracks Reactor, Factory Tech Lab  
  37  4:21  Marine x2  
  39  4:25  SCV  
  39  4:27  Marine  
  39  4:29  SCV, Starport  
  42  4:37  Stimpack  
  42  4:48  Missile Turret  
  42  4:49  Marine x4  
  42  4:50  Missile Turret  
  46  4:59  Marauder  
  48  5:02  Supply Depot  
  48  5:03  Supply Depot  
  48  5:05  Supply Depot  
  48  5:08  Missile Turret  
  48  5:11  Missile Turret  
  48  5:13  SCV x2  
  50  5:15  Missile Turret  
  50  5:17  Starport Reactor  
  50  5:20  Marine  
  51  5:25  SCV  
  52  5:31  Marine x4  
  52  5:32  Marine  
  52  5:33  Marine  
  58  5:44  SCV x2  
  58  5:48  Refinery  
  58  5:49  Refinery  
  60  5:54  Medivac  
  60  5:55  Medivac  
  60  5:56  SCV x2  
  66  5:58  Marine  
  67  6:04  Marine  
  67  6:10  SCV x2  
  70  6:23  Marine x6  
  70  6:24  Marine  
  77  6:38  Combat Shields  
  77  6:40  Supply Depot, Marine  
  77  6:41  Supply Depot  
  78  7:00  Armory, Engineering Bay  
  78  7:01  Marine x4  
  78  7:02  Medivac x2  
  78  7:03  SCV x2  
  88  7:10  Supply Depot  
  88  7:12  Supply Depot  
  88  7:14  Missile Turret  
  88  7:15  SCV x2  
  90  7:16  Supply Depot, Missile Turret  
  90  7:17  Marine  
  90  7:18  Marine x2  
  90  7:19  Marine  
  94  7:35  Missile Turret  
  82  8:02  Marine x3  
  82  8:03  Marine x4  
  82  8:05  Medivac x2  
  85  8:12  Terran Infantry Weapons Level 2  
  85  8:14  Command Center, Terran Infantry Armor Level 1  
  85  8:16  Concussive Shells  
  85  8:20  Marine x4  
  89  8:28  Supply Depot, Barracks x2  
  89  8:29  Supply Depot  
  89  8:30  Supply Depot  
  89  8:31  Missile Turret  
  89  8:33  Missile Turret  
  89  8:37  Missile Turret  
  89  8:38  SCV x2  
  91  8:44  Marine x2  
  91  8:45  Marine  
  94  8:50  SCV  
  95  8:58  SCV  
  95  9:01  Marine x2  
  95  9:02  SCV, Marine x5  
  104  9:11  SCV  
  105  9:23  SCV x2  
  105  9:24  Marine x7  
  108  9:30  Missile Turret  
  113  9:35  SCV  
  114  9:41  Marine  
  115  9:51  Orbital Command  
  72  10:29  Marine x2  
  72  10:30  Marine x5  
  72  10:34  Orbital Command  
  78  10:40  Missile Turret  
  78  10:47  Marine  
  78  10:49  SCV  
  81  10:50  SCV, Marine x3  
  81  10:51  Marine x3  
  81  10:54  Barracks Reactor x2  
  87  10:57  Terran Infantry Weapons Level 3  
  87  10:58  Terran Infantry Armor Level 2  
  87  10:59  Command Center  
  87  11:01  SCV, Missile Turret  
  87  11:02  Medivac  
  87  11:03  Missile Turret  
  87  11:04  Missile Turret x2  
  90  11:05  Marine  
  90  11:08  Marine x4  
  90  11:09  Marine x2  
  97  11:22  Missile Turret  
  97  11:23  Marine  
  98  11:33  SCV x2  
  100  11:41  Refinery  
  100  11:42  SCV  
  100  11:43  Refinery  
  100  11:44  Marine x2  
  100  11:45  SCV x2, Marine x6  
  100  11:46  Marine x3  
  114  12:02  Marine  
  115  12:11  Barracks  
  115  12:12  Barracks  
  115  12:14  Barracks  
  115  12:15  SCV  
  115  12:16  SCV x3, Marine x3  
  115  12:17  Marine x7  
  115  12:20  Marine  
  130  12:27  SCV  
  131  12:34  Marine x4  
  131  12:35  Marine x3  
  131  12:36  Marine x3  
  141  12:38  Marine  
  141  12:40  Medivac x2  
  146  12:52  Marine x5  
  146  12:53  Supply Depot, Marine x3  
  146  12:54  Marine  
  155  13:00  Supply Depot  
  155  13:01  Supply Depot  
  155  13:02  Supply Depot  
  155  13:03  Supply Depot  
  155  13:11  Marine x4  
  157  13:18  Command Center  
  136  13:29  Marine  
  136  13:30  Marine x6  
  136  13:31  Marine x3  
Show
View Real Time Build Order
Export as new Build Order

SOUL Terran - Winner!

Build Orders:  

Get SALT Encoding   

  12  0:01  SCV  
  13  0:13  SCV  
  14  0:18  Supply Depot  
  14  0:25  SCV  
  15  0:35  Refinery  
  15  0:42  Barracks  
  15  0:44  SCV  
  16  0:56  SCV  
  17  1:08  SCV  
  18  1:12  Supply Depot  
  18  1:20  SCV  
  18  1:25  Refinery  
  19  1:32  SCV  
  20  1:33  Reaper  
  21  1:44  SCV  
  22  1:56  SCV  
  22  2:00  Factory  
  23  2:04  Marine  
  24  2:09  SCV  
  25  2:21  SCV  
  26  2:33  SCV  
  26  2:35  Marine  
  26  2:36  Command Center  
  26  2:45  SCV  
  26  2:58  Reaper  
  26  2:59  SCV  
  28  3:11  SCV  
  29  3:18  Starport  
  29  3:20  Starport  
  29  3:24  SCV  
  30  3:30  Supply Depot, Marine  
  31  3:40  Factory Tech Lab  
  31  3:47  SCV  
  32  3:53  SCV  
  32  3:54  Supply Depot  
  33  3:57  Refinery  
  33  3:59  SCV, Starport Tech Lab  
  34  4:05  SCV  
  35  4:13  Factory Tech Lab  
  35  4:15  Cloaking Field  
  35  4:20  Engineering Bay, Marine  
  35  4:24  SCV  
  38  4:26  Orbital Command  
  37  4:35  Banshee  
  40  4:39  Marine  
  41  4:46  SCV  
  42  4:54  Missile Turret  
  42  4:57  Marine  
  42  4:58  SCV  
  44  5:04  Siege Tank  
  47  5:09  Banshee  
  50  5:15  SCV  
  50  5:16  Missile Turret  
  50  5:20  Marine  
  50  5:21  Refinery  
  54  5:29  Banshee  
  54  5:33  SCV  
  56  5:38  Marine  
  56  5:41  Liberator  
  57  5:46  Missile Turret  
  57  5:47  SCV  
  58  5:59  SCV  
  62  6:05  Supply Depot  
  62  6:09  Liberator  
  62  6:10  Missile Turret  
  62  6:20  Barracks Tech Lab  
  62  6:22  Barracks  
  62  6:23  Liberator  
  62  6:27  SCV  
  66  6:39  SCV  
  70  6:48  Supply Depot  
  70  6:58  Supply Depot  
  70  7:02  Combat Shields  
  70  7:09  SCV x2, Marine  
  70  7:10  Supply Depot  
  73  7:22  SCV x2  
  75  7:27  Marine  
  76  7:34  SCV  
  71  7:45  Marine  
  71  7:54  SCV  
  66  8:03  Marine  
  67  8:06  SCV  
  67  8:07  Liberator  
  68  8:13  Missile Turret  
  68  8:18  SCV  
  68  8:19  Siege Tank  
  72  8:20  Marine  
  72  8:21  Marine  
  77  8:30  SCV  
  78  8:34  Missile Turret  
  78  8:38  Terran Infantry Weapons Level 1  
  78  8:48  Supply Depot  
  78  8:53  Liberator  
  78  8:57  Missile Turret, Orbital Command  
  78  8:58  Command Center  
  78  9:10  Banshee, Marine x2  
  78  9:11  Supply Depot  
  86  9:32  Marine x2  
  86  9:33  Siege Tank  
  91  9:39  Supply Depot  
  91  9:43  Liberator  
  91  9:49  Supply Depot  
  91  9:50  Marine  
  91  9:52  Missile Turret  
  92  9:53  Medivac  
  94  10:00  Marine  
  94  10:03  Supply Depot  
  94  10:04  SCV  
  94  10:05  Siege Tank  
  102  10:07  Missile Turret  
  102  10:12  Supply Depot, Missile Turret  
  92  10:16  SCV  
  92  10:18  Marine  
  86  10:22  Medivac  
  78  10:31  Marine  
  79  10:36  Marine  
  79  10:37  Siege Tank  
  79  10:42  Terran Infantry Armor Level 1  
  83  10:43  Medivac  
  83  10:49  Marine  
  86  10:52  Medivac  
  86  10:54  Marine  
  89  10:58  Stimpack  
  89  11:05  Liberator, Orbital Command  
  89  11:07  Marine  
  90  11:11  Marine  
  90  11:13  Medivac  
  93  11:24  SCV  
  94  11:26  Liberator  
  94  11:29  Marine  
  95  11:36  SCV  
  95  11:37  Barracks, Missile Turret  
  96  11:40  SCV  
  100  11:47  Marine  
  100  11:52  SCV  
  102  12:04  SCV, Refinery, Marine  
  102  12:05  Viking, Refinery, Marine  
  107  12:09  Liberator  
  107  12:11  Siege Tank  
  110  12:18  Liberator  
  110  12:22  Marine  
  111  12:23  Marine  
  118  12:40  Marine x2  
  118  12:44  Siege Tank  
  123  12:49  Barracks  
  123  12:58  Marine x2  
  125  13:09  Medivac  
  127  13:16  Marine x2  
  127  13:18  Viking  
  126  13:33  Marine  
  127  13:34  Marine  
Tags
 
Composition
MMM Bio
Matchup
TvT
Race
Terran
Add a new tag
Caveats
  • Supply blocks, unpowered buildings, or Contaminate may cause inaccurate times.
  • Supply counts are checked every 10 seconds.